 Dungeon Crawl Stone Soup version 0.20-a0-2-g2b0e13a (console) character file.

27 brucemayne the Cudgeler (level 3, -1/39 HPs)
             Began as an Ogre Berserker on Oct 28, 2016.
             Was a Follower of Trog.
             Slain by a tentacled monstrosity (8 damage)
             ... on level 2 of the Abyss.
             The game lasted 00:02:03 (371 turns).

brucemayne the Cudgeler (Ogre Berserker)             Turns: 371, Time: 00:02:04

Health: -1/39      AC:  3    Str: 22    XL:     3   Next: 10%
Magic:  3/3        EV:  7    Int:  6    God:    Trog [*.....]
Gold:   42         SH:  0    Dex: 10    Spells: 0 memorised, 2 levels left

rFire  . . .     SeeInvis .     a - +0 mace
rCold  . . .     Gourm    .     b - +0 animal skin
rNeg   . . .     Faith    .     (no shield)
rPois  .         Spirit   .     (helmet restricted)
rElec  .         Reflect  .     (no cloak)
rCorr  .         Harm     .     (gloves unavailable)
MR     .....                    (boots unavailable)
Stlth  +.........               (no amulet)
                                (no ring)
                                (no ring)

@: constricted
A: unfitting armour, tough skin 1
a: Berserk, Burn Spellbooks, Renounce Religion


You were on level 2 of the Abyss.
You worshipped Trog.
Trog was aware of your devotion.
You were not hungry.

You visited 1 branch of the dungeon, and saw 4 of its levels.
You visited the Abyss 1 time.

You collected 42 gold pieces.

Inventory:

Hand Weapons
 a - a +0 mace (weapon)
Armour
 b - a +0 animal skin (worn)
Scrolls
 d - 2 scrolls of identify {unknown}
 f - a scroll of remove curse {unknown}
Potions
 e - a potion of magic {unknown}
 g - 2 potions of might {unknown}
Comestibles
 c - a bread ration
 h - a meat ration


   Skills:
 - Level 4.0 Fighting
 + Level 5.5 Maces & Flails
 - Level 2.6 Dodging


You had 2 spell levels left.
You didn't know any spells.

Dungeon Overview and Level Annotations

Branches:
Dungeon (4/15)
 Temple: D:4-7

Altars:
The Shining One

Annotations:
D:4 Dowan, Duvessa


Innate Abilities, Weirdness & Mutations

You are too large for most types of armour.
You have tough skin. (AC +1)


Message History

The worldbinder calls forth creatures from the Lair of Beasts!
The worldbinder barely misses you. The worldbinder hits you.
You are suddenly pulled into a different region of the Abyss!
The eye of draining turns its gaze towards you.
A raiju comes into view.
The raiju barks!
A tentacled monstrosity comes into view.
Unknown command.
Something hits you.
Deactivating autopickup; reactivate with Ctrl-A.
You miss something. Something hits you! Something hits you but does no damage.
Found a bread ration.
A tentacled monstrosity comes into view.
Something hits you! Something hits you but does no damage.
The tentacled monstrosity tentacle-slaps you!
* * * LOW HITPOINT WARNING * * *
The tentacled monstrosity barely misses you.
The tentacled monstrosity tentacle-slaps you but does no damage.
The tentacled monstrosity grabs you.
You die...

#### #%..
##.#.##
#.XG.X###
h###@..#
##.{#
...#
..### ..#
#.. ###


You could see 2 tentacled monstrosities and an eye of draining.

Vanquished Creatures
  An adder (D:2)
  2 leopard geckos (D:2)
  A ball python (D:3)
  2 goblins (D:2)
  A hobgoblin (D:1)
  2 kobolds
  A quokka (D:2)
  A bat (D:2)
  A frilled lizard (D:2)
  4 rats
16 creatures vanquished.

Notes
Turn   | Place    | Note
-------+----------+-------------------------------------------
     0 | D:1      | brucemayne the Ogre Berserker began the quest for the Orb.
     0 | D:1      | Reached XP level 1. HP: 24/24 MP: 1/1
    40 | D:2      | Reached skill level 5 in Maces & Flails
    40 | D:2      | Reached XP level 2. HP: 32/32 MP: 2/2
   134 | D:2      | Reached XP level 3. HP: 10/39 MP: 3/3
   182 | D:2      | Found a glowing golden altar of the Shining One.
   240 | D:4      | Noticed Duvessa
   240 | D:4      | Noticed Dowan
   241 | D:4      | Cast into level 2 of the Abyss (Dowan)
   288 | Abyss:2  | Noticed a lich
   316 | Abyss:2  | Noticed a ynoxinul
   342 | Abyss:2  | Noticed a worldbinder
   342 | Abyss:2  | Noticed a large abomination
   350 | Abyss:2  | Noticed a spiny frog
   351 | Abyss:2  | Noticed a blink frog
   351 | Abyss:2  | Noticed a dream sheep
   356 | Abyss:2  | Noticed a dream sheep
   356 | Abyss:2  | Noticed a blink frog
   365 | Abyss:2  | Noticed a blink frog
   365 | Abyss:2  | Noticed a blink frog
   366 | Abyss:2  | Noticed a blink frog
   368 | Abyss:2  | Noticed an eye of draining
   368 | Abyss:2  | a shapeshifter changed into an eye of draining
   368 | Abyss:2  | Noticed a raiju
   369 | Abyss:2  | Noticed a tentacled monstrosity
   371 | Abyss:2  | Noticed a tentacled monstrosity
   371 | Abyss:2  | Slain by a tentacled monstrosity

Vault maps used:
D:1:      dpeg_arrival_tiny_h
D:2:      kennysheep_the_goblin_king, st_stairs_9, kennysheep_crisscross,
          tso_metal_star
D:3:      grunt_temple_overflow_open, ecumenical_altar_1, first_bread
D:4:      kennysheep_slugbush, enter_ossuary_4, uniq_duvessa
Abyss:2:  minivault_24, hangedman_shadowy_showcase

Skill      XL: |  1 |
---------------+----+-----
Maces & Flails | 5 |  5.5
Fighting       | |  4.0
Dodging        | |  2.6

Action                   || total
-------------------------++-------
Melee: Mace              ||    40
Invok: Berserk           ||     1
Armor: Animal skin       ||    15
Dodge: Dodged            ||    21
